 Dungeon Crawl Stone Soup version 0.29-a0-791-ga0f254aafb (webtiles) character file.

Game seed: 6869234222043390083

56 Malachi the Trooper (level 3, -2/30 HPs)
             Began as a Demonspawn Brigand on July 3, 2022.
             Was a Follower of Makhleb.
             Slain by Ijyb
             ... wielding a +0 club
              (3 damage)
             ... on level 3 of the Dungeon.
             The game lasted 00:02:02 (1894 turns).

Malachi the Trooper (Demonspawn Brigand)            Turns: 1894, Time: 00:02:03

Health: -2/30      AC:  3    Str: 11    XL:     3   Next: 69%
Magic:  12/12      EV: 11    Int: 12    God:    Makhleb [*.....]
Gold:   133        SH:  0    Dex: 16    Spells: 2/2 levels left

rFire   . . .      SeeInvis .   a - +2 dagger
rCold   . . .      Faith    .   (no shield)
rNeg    . . .      Spirit   .   b - +0 robe
rPois   .          Reflect  .   (no helmet)
rElec   .          Harm     .   c - +0 cloak
rCorr   .          Rampage  .   (no gloves)
Will    .....                   (no boots)
Stlth   +++.......              (no amulet)
HPRegen 0.10/turn               p - ring of magical power
MPRegen 0.13/turn               (no ring)

@: no status effects
A: hooves 1
a: Renounce Religion


You were on level 3 of the Dungeon.
You worshipped Makhleb.
Makhleb was aware of your devotion.
You visited 1 branch of the dungeon, and saw 3 of its levels.

You collected 133 gold pieces.

Inventory:

Hand Weapons
 a - a +2 dagger (weapon)
 l - a +1 whip of electrocution
Missiles
 d - 9 poisoned darts (quivered)
 e - 3 curare-tipped darts
Armour
 b - a +0 robe (worn)
 c - a +0 cloak (worn)
Jewellery
 p - a ring of magical power (left hand)
Scrolls
 f - a scroll of identify {unknown}
 g - 2 scrolls of blinking {unknown}
 h - a scroll of fog {unknown}
 i - a scroll of vulnerability {unknown}
 n - 2 scrolls of teleportation {unknown}
 o - a scroll of poison {unknown}
 r - a scroll of immolation {unknown}
 s - a scroll of silence {unknown}
Potions
 j - a potion of ambrosia {unknown}
 k - a potion of lignification {unknown}
 m - 3 potions of curing {unknown}
 q - a potion of attraction {unknown}
 t - a potion of degeneration {unknown}


   Skills:
 * Level 4.1 Fighting
 - Level 1.7 Short Blades
 - Level 1.7 Throwing
 - Level 0.8 Dodging
 - Level 3.6 Stealth


You had 2 spell levels left.
You didn't know any spells.
Your spell library contained the following spells:

 Spells                   Type           Power      Damage    Failure   Level
 Portal Projectile        Hex/Tloc       0%         N/A       69%         3
 Tukima's Dance           Hex            0%         N/A       69%         3
 Blade Hands              Tmut           0%         N/A       100%        5


Dungeon Overview and Level Annotations

Branches:
Dungeon (3/15)

Altars:
Gozag
Makhleb

Annotations:
D:3 Ijyb


Innate Abilities, Weirdness & Mutations

You have large cloven feet.


Message History

You are too injured to fight recklessly!
You are too injured to fight recklessly!
You are too injured to fight recklessly!
You are too injured to fight recklessly!
You are too injured to fight recklessly!
You are too injured to fight recklessly!
You are too injured to fight recklessly!
You are too injured to fight recklessly!
You are too injured to fight recklessly!
You hit Ijyb. You kick Ijyb.
Ijyb is lightly wounded.
Ijyb hits you with a +0 club.
You hit Ijyb but do no damage.
Ijyb is lightly wounded.
Ijyb hits you with a +0 club.
You hit Ijyb.
Ijyb is moderately wounded.
Ijyb hits you but does no damage.
You hit Ijyb but do no damage.
Ijyb is moderately wounded.
Ijyb hits you with a +0 club.
* * * LOW HITPOINT WARNING * * *
You hit Ijyb. You kick Ijyb, but do no damage.
Ijyb is moderately wounded.
Ijyb hits you but does no damage.
You hit Ijyb. Your kick misses Ijyb.
Ijyb is moderately wounded.
Ijyb hits you but does no damage.
You hit Ijyb. You kick Ijyb, but do no damage.
Ijyb is heavily wounded.
Ijyb screams, "Die!"
Ijyb hits you with a +0 club.
* * * LOW HITPOINT WARNING * * *
You hit Ijyb but do no damage. Your kick misses Ijyb.
Ijyb is heavily wounded.
Ijyb misses you.
You hit Ijyb but do no damage. Your kick misses Ijyb.
Ijyb is heavily wounded.
Ijyb hits you with a +0 club.
You die...

#... #.## ###
... # #.# #.##
#.# #.#. # #.#
#...
##.####.########
#.#.
#..g@..........#
#...
#..##...######.#
###† #. #....#
####.## #.
#....#..#
#.....####.
..##...##
#.##....... #
##[##
#.#........ #.
#.#.#.##### #.
#.....#
#.#######.###


You could see Ijyb.

Vanquished Creatures
  A worm (D:3)
  A dart slug (D:2)
  An orc (D:3)
  8 bats
  5 endoplasms
  A giant cockroach (D:1)
  2 goblins (D:1)
  4 hobgoblins
  3 jackals (D:1)
  5 kobolds
  4 quokkas
  3 ball pythons
  4 rats
42 creatures vanquished.

Notes
Turn   | Place    | Note
-------+----------+-------------------------------------------
     0 | D:1      | Malachi the Demonspawn Brigand began the quest for the Orb.
     0 | D:1      | Reached XP level 1. HP: 16/16 MP: 1/1
    59 | D:1      | Gained mutation: You have large cloven feet. [demonic
                  | ancestry]
    59 | D:1      | Reached XP level 2. HP: 21/23 MP: 2/2
   168 | D:1      | Reached skill level 3 in Fighting
   753 | D:2      | Reached XP level 3. HP: 28/29 MP: 3/3
   878 | D:2      | Found an opulent altar of Gozag.
   990 | D:2      | Found a faded altar of an unknown god.
  1024 | D:2      | Prayed at the altar of an unknown god.
  1024 | D:2      | Became a worshipper of Makhleb the Destroyer
  1024 | D:2      | Reached * piety under Makhleb
  1374 | D:3      | Reached skill level 4 in Fighting
  1874 | D:3      | Noticed Ijyb
  1892 | D:3      | HP: 1/30 [Ijyb/+0 club (6)]
  1894 | D:3      | Slain by Ijyb

Illustrated notes

Levels and vault maps discovered:
D:1:      minmay_arrival_four_circles, layout_basic
D:2:      layout_rooms, ebering_ecumenical_altar_petrified, basic_altar,
          nrook_mini_vaults, chequers_serial_rivers_micro_e,
          chequers_decorated_corner
D:3:      layout_loops_ring, uniq_ijyb

Skill      XL: |  1  2  3 |
---------------+----------+-----
Fighting       | 3 4 |  4.1
Short Blades   | |  1.7
Throwing       | |  1.7
Dodging        | |  0.8
Stealth        | |  3.6

Action                   || total
-------------------------++-------
Melee: Dagger            ||   133
       Kick              ||    19
       Whip              ||     6
       Punch             ||     2
 Stab: Sleeping          ||    13
Armor: Robe              ||    37
Dodge: Dodged            ||    66

Table legend: (Time is in decaauts)
 A = Elapsed time spent in this place.
 B = Non-inter-level travel time spent in this place.
 C = Inter-level travel time spent in this place.
 D = Time resting spent in this place.
 E = Time spent auto-exploring this place.
 F = Levels seen in this place.
 G = Mean time per level.
                   A        B        C        D        E       F      G
               +--------+--------+--------+--------+--------+-----+--------+
         Total |   1881 |   1822 |     59 |    266 |   1228 |   3 |  627.0 |
       Dungeon |   1881 |   1822 |     59 |    266 |   1228 |   3 |  627.0 |
               +--------+--------+--------+--------+--------+-----+--------+

Top non-repeatable levels by time:
     D:1: 736 daAuts
     D:3: 666 daAuts
     D:2: 478 daAuts
